 Dungeon Crawl Stone Soup version 0.31-a0-986-g5e6e4ef867 (webtiles) character file.

Game seed: 13482777977328412436

19 strifetoe the Chopper (level 3, -8/31 HPs)
             Began as a Meteoran Fighter on Nov 22, 2023.
             Mangled by an ogre
             ... wielding a +0 giant club
              (14 damage)
             ... on level 4 of the Dungeon.
             The game lasted 00:01:36 (305 turns).

strifetoe the Chopper (Meteoran Fighter)             Turns: 305, Time: 00:01:36

Health: -8/31      AC: 11    Str: 19    XL:     3   Next: 11%
Magic:  4/4        EV:  9    Int: 10    God:
Gold:   25         SH:  4    Dex: 13    Spells: 2/2 levels left

rFire   . . .        a - +0 war axe
rCold   . . .        c - +0 buckler
rNeg    . . .        b - +0 scale mail
rPois   .            i - +2 helmet
rElec   .            (no cloak)
rCorr   .            m - +0 pair of gloves
SInv    .            (no boots)
Will    .....        k - amulet of the acrobat Stlth
                     (no ring)
HPRegen 0.25/turn    (no ring)
MPRegen 0.09/turn

%: acrobat
@: mighty, glowing
A: sense surroundings 1, otherworldly, glowing, explore regen
a: no special abilities


You were on level 4 of the Dungeon.
You visited 1 branch of the dungeon, and saw 4 of its levels.

You collected 25 gold pieces.

Inventory:

Hand Weapons
 a - a +0 war axe (weapon)
Armour
 b - a +0 scale mail (worn)
 c - a +0 buckler (worn)
 i - a +2 helmet (worn)
 m - a +0 pair of gloves (worn)
Jewellery
 k - an amulet of the acrobat (around neck)
Wands
 n - a wand of quicksilver (11)
Scrolls
 e - a scroll of teleportation {unknown}
 g - a scroll of identify {unknown}
 j - a scroll of enchant armour {unknown}
Potions
 f - a potion of curing {unknown}
 h - a potion of enlightenment {unknown}
 l - a potion of ambrosia {unknown}


   Skills:
 - Level 3.2 Fighting
 + Level 3.9 Axes
 - Level 3.2 Armour
 - Level 3.2 Shields


You had 2 spell levels left.
You didn't know any spells.
Your spell library contained the following spells:

 Spells                   Type           Power      Damage    Failure   Level
 Summon Guardian Golem    Hex/Summ       0%         N/A       99%         3
 Orb of Destruction       Conj           0%         9d5       100%        7
 Spellforged Servitor     Conj/Summ      0%         N/A       100%        7


Dungeon Overview and Level Annotations

Branches:
Dungeon (4/15) Zot: 2082
 Temple: D:4-7

Altars:


Innate Abilities, Weirdness & Mutations

You passively map a small area around you.
You are easily found by Zot.
You glow in the dark.
You regain HP and MP as you explore.


Message History

m - a +0 pair of gloves You start putting on your armour.
You continue putting on your +0 pair of gloves. x4
You finish putting on your +0 pair of gloves.
There is a stone staircase leading down here.
You climb downwards.
There is a stone staircase leading up here.
A bat comes into view.
You closely miss the bat. The bat hits you. You block the bat's attack. x2
You slash the bat!
You kill the bat!
There is a shaft here.
You fall into a shaft and drop 2 floors!
The shaft crumbles and collapses.
Found a bronze wand.
Found a stone staircase leading down.
n - a wand of quicksilver (11)
Found 13 gold pieces.
There is a stone staircase leading down here.
An ogre comes into view. It is wielding a +0 giant club.
The ogre shouts!
You hear a bark!
You hear an angry hiss.
You hit the ogre but do no damage. The ogre hits you with a +0 giant club.
A jackal comes into view.
The ogre completely misses you.
A ball python comes into view.
You feel very mighty all of a sudden.
The ball python hisses angrily.
The ogre hits you with a +0 giant club!
You hit the ogre.
The ogre is lightly wounded.
A jackal comes into view.
You block the jackal's attack. The ogre hits you with a +0 giant club!
* * * LOW HITPOINT WARNING * * *
The jackal barks!
You slash the ogre!
The ogre is severely wounded.
You barely miss the jackal.
You hear a bark!
The jackal bites you but does no damage. x2
The ogre hits you with a +0 giant club!
You die...

* * , , , , * ,,
* , * # * ,, * *
#.##* > , * *
#.#.## , * ,
####..$.## * * *
* * ...h.Sh@.#
,* * #####..O.#
* * , ##.#.# ,#
* * #.#.####.#.#
#.#>.......#
...............#
.####.######..##
, ... , ,,..#
,###, .#


You could see an ogre, 2 jackals and a ball python.

Vanquished Creatures
  A worm (D:2)
  A ball python (D:1)
  3 bats
  An endoplasm (D:1)
  A giant cockroach (D:1)
  2 goblins
  2 hobgoblins (D:1)
  A kobold (D:2)
  A frilled lizard (D:1)
13 creatures vanquished.

Notes
Turn   | Place    | Note
-------+----------+-------------------------------------------
     0 | D:1      | strifetoe the Meteoran Fighter began the quest for the Orb.
     0 | D:1      | Reached XP level 1. HP: 19/19 MP: 2/2
    75 | D:1      | Reached XP level 2. HP: 26/26 MP: 3/3
   113 | D:1      | You fall into a shaft and drop 1 floor!
   201 | D:2      | Reached XP level 3. HP: 26/31 MP: 4/4
   293 | D:2      | You fall into a shaft and drop 2 floors!
   299 | D:4      | Noticed an ogre
   305 | D:4      | Mangled by an ogre

Illustrated notes

Levels and vault maps discovered:
D:1:      saegor_arrival_simple_b, layout_basic, minivault_26
D:2:      layout_basic, hellmonk_ecumenical_altar_slurped_away
D:3:      layout_rooms, okawaru_altar_gauntlet_db, lemuel_doored_altar,
          uniq_crazy_yiuf_cottage
D:4:      layout_loops_ring

Skill      XL: |  1 |
---------------+----+-----
Axes           | 3 |  3.9
Fighting       | |  3.2
Armour         | |  3.2
Shields        | |  3.2

Action                     || total
---------------------------++-------
  Melee: War axe           ||    32
    Use: Potion            ||     1
 Armour: Scale mail        ||    35
  Dodge: Dodged            ||    15
  Block: Buckler           ||    11

Table legend: (Time is in decaauts)
 A = Elapsed time spent in this place.
 B = Non-inter-level travel time spent in this place.
 C = Inter-level travel time spent in this place.
 D = Time resting spent in this place.
 E = Time spent auto-exploring this place.
 F = Levels seen in this place.
 G = Mean time per level.
                   A        B        C        D        E       F      G
               +--------+--------+--------+--------+--------+-----+--------+
         Total |    315 |    315 |      0 |      0 |     11 |   4 |   78.8 |
       Dungeon |    315 |    315 |      0 |      0 |     11 |   4 |   78.8 |
               +--------+--------+--------+--------+--------+-----+--------+

Top non-repeatable levels by time:
     D:1: 149 daAuts
     D:2: 125 daAuts
     D:3: 28 daAuts
     D:4: 12 daAuts
